Map: Blackpink LE

Players

Elazer - Winner!

  • Race: Zerg Zerg
  • League: Master
  • Spawn Location: 1:00

Stephano

  • Race: Zerg Zerg
  • League: Grandmaster
  • Spawn Location: 7:00

Event: WESG Barcelona European Finals 2017

VOD

Have the link to the VOD?

Description

Time

  • Played on: Nov. 23, 2017, 5:49 a.m.
  • Length: 10:04

All games in this series

Show
View Real Time Build Order
Export as new Build Order

Elazer Zerg - Winner!

Build Orders: Hatch First 

Get SALT Encoding   

  12  0:00  Drone  
  13  0:12  Overlord  
  13  0:16  Drone  
  14  0:30  Drone  
  14  0:31  Drone  
  14  0:35  Drone  
  17  0:51  Hatchery  
  17  0:55  Drone  
  17  0:58  Drone  
  17  1:01  Extractor  
  17  1:12  Spawning Pool  
  17  1:16  Drone  
  17  1:19  Drone  
  18  1:28  Drone  
  19  1:39  Overlord  
  19  1:50  Drone  
  20  1:59  Queen  
  20  2:00  Zergling x2  
  23  2:02  Metabolic Boost  
  23  2:03  Queen  
  23  2:07  Zergling x2  
  26  2:12  Drone  
  26  2:14  Drone  
  28  2:23  Drone  
  28  2:25  Drone  
  30  2:35  Zergling x2  
  31  2:40  Hatchery  
  30  2:48  Drone, Baneling Nest  
  30  2:50  Drone  
  31  2:55  Overlord  
  31  2:57  Drone  
  32  3:02  Drone  
  33  3:08  Zergling x2  
  33  3:09  Drone  
  33  3:10  Drone  
  36  3:14  Queen  
  38  3:22  Zergling x2  
  38  3:24  Drone x2  
  41  3:29  Overlord  
  41  3:32  Baneling x2  
  41  3:33  Drone x2  
  43  3:39  Drone  
  44  3:45  Evolution Chamber  
  44  3:46  Drone  
  44  3:47  Drone  
  44  3:48  Drone x3  
  48  3:52  Drone  
  48  3:53  Zergling x4  
  48  3:54  Baneling  
  51  3:59  Overlord  
  51  4:00  Drone  
  52  4:04  Drone, Extractor  
  52  4:07  Drone  
  51  4:10  Overlord  
  51  4:13  Extractor  
  51  4:15  Drone x3  
  53  4:17  Drone x2  
  53  4:22  Zerg Missile Weapons Level 1  
  55  4:28  Overlord  
  55  4:29  Drone x2  
  55  4:30  Drone x2  
  58  4:34  Drone  
  58  4:35  Drone  
  57  4:39  Drone x2  
  59  4:45  Roach Warren  
  59  4:46  Drone  
  59  4:48  Lair  
  59  4:49  Drone  
  59  4:51  Drone  
  61  4:53  Drone  
  61  4:57  Overlord  
  61  4:58  Drone  
  61  4:59  Drone  
  64  5:00  Drone  
  64  5:02  Drone x2  
  64  5:04  Drone  
  64  5:06  Drone  
  68  5:07  Drone  
  68  5:10  Zergling x4  
  68  5:11  Baneling  
  68  5:13  Zergling x4  
  73  5:18  Drone x2, Extractor  
  73  5:19  Drone  
  73  5:20  Drone  
  76  5:23  Pneumatized Carapace  
  76  5:25  Overlord  
  76  5:26  Drone  
  77  5:34  Overlord  
  77  5:35  Drone  
  77  5:37  Roach x4, Extractor  
  84  5:45  Overlord  
  84  5:51  Glial Reconstitution  
  84  5:52  Roach x6  
  84  5:55  Drone  
  97  5:58  Roach x3  
  102  6:07  Baneling x4  
  102  6:10  Roach  
  102  6:11  Roach x4  
  112  6:15  Overlord  
  112  6:18  Drone  
  112  6:19  Zerg Missile Weapons Level 2  
  112  6:20  Evolution Chamber  
  112  6:25  Roach  
  113  6:29  Overlord  
  113  6:38  Hatchery  
  113  6:39  Roach x4  
  120  6:51  Roach x4  
  127  7:00  Overlord  
  121  7:03  Roach  
  121  7:05  Zerg Ground Armor Level 1  
  120  7:09  Overlord x2  
  120  7:15  Roach x6  
  119  7:21  Roach x3  
  119  7:22  Roach x3  
  129  7:24  Overlord  
  129  7:25  Overlord  
  129  7:31  Roach x3  
  129  7:35  Overlord  
  135  7:38  Roach  
  135  7:39  Roach  
  135  7:43  Overlord  
  139  7:50  Roach x11  
  159  7:53  Roach  
  159  7:58  Overseer, Overlord  
  155  7:59  Overseer  
  155  8:03  Roach  
  155  8:04  Roach x2  
  159  8:16  Roach  
  159  8:17  Roach x9  
  179  8:20  Roach x2  
  179  8:24  Roach x2  
  175  8:29  Roach  
  175  8:30  Roach x2  
  170  8:35  Roach x3  
  161  8:42  Roach  
  149  8:48  Roach  
  149  8:49  Roach x5  
  147  8:58  Roach x4  
  153  9:03  Roach  
  153  9:04  Roach x2  
  157  9:13  Roach  
  157  9:14  Roach x4  
  167  9:21  Roach x2  
  169  9:25  Roach x3  
  173  9:35  Roach x4  
Show
View Real Time Build Order
Export as new Build Order

Stephano Zerg 

Build Orders: Hatch First 

Get SALT Encoding   

  12  0:00  Drone  
  13  0:12  Overlord  
  13  0:17  Drone  
  14  0:31  Drone x2  
  14  0:35  Drone  
  17  0:52  Hatchery  
  17  0:54  Drone  
  17  0:58  Drone  
  18  1:07  Extractor  
  17  1:12  Spawning Pool  
  17  1:15  Drone  
  17  1:19  Drone  
  18  1:28  Drone  
  19  1:39  Overlord  
  19  1:59  Queen  
  19  2:00  Zergling x2  
  19  2:01  Zergling x2  
  23  2:04  Zergling x2, Queen  
  26  2:10  Metabolic Boost  
  26  2:14  Drone  
  26  2:15  Drone  
  28  2:24  Drone  
  28  2:26  Drone  
  30  2:33  Drone  
  31  2:41  Hatchery  
  30  2:45  Overlord  
  30  2:47  Drone  
  30  2:51  Baneling Nest  
  30  2:56  Drone x2  
  32  3:04  Drone  
  33  3:08  Drone x2  
  33  3:10  Drone x2  
  37  3:16  Zergling x4  
  39  3:22  Queen  
  41  3:31  Zergling x6  
  44  3:36  Baneling x2  
  44  3:39  Overlord  
  44  3:41  Overlord  
  44  3:54  Baneling  
  45  3:55  Drone x2  
  45  3:56  Drone x2  
  45  3:57  Drone x2  
  50  4:07  Drone  
  50  4:08  Drone  
  50  4:11  Drone x2  
  50  4:12  Overlord  
  50  4:13  Drone x2  
  50  4:14  Drone  
  54  4:17  Drone  
  54  4:18  Lair  
  55  4:25  Evolution Chamber, Extractor  
  55  4:26  Extractor  
  55  4:29  Drone  
  55  4:30  Drone  
  55  4:31  Drone  
  55  4:33  Drone  
  55  4:37  Roach Warren  
  51  4:38  Zergling x4  
  51  4:40  Zergling x2  
  51  4:45  Zergling x6  
  55  4:47  Drone  
  55  4:51  Zerg Missile Weapons Level 1  
  55  4:52  Drone  
  58  4:54  Drone  
  58  4:56  Overlord  
  59  5:01  Drone x3  
  59  5:02  Drone x2  
  59  5:03  Baneling x2  
  59  5:04  Drone  
  59  5:05  Drone  
  66  5:08  Drone  
  66  5:12  Extractor  
  66  5:17  Glial Reconstitution  
  66  5:27  Overlord  
  66  5:28  Drone  
  66  5:34  Drone, Overlord  
  65  5:36  Drone x2  
  65  5:37  Drone x3  
  65  5:38  Drone  
  65  5:42  Roach x6  
  81  5:49  Overlord  
  81  5:53  Drone x2, Extractor  
  81  5:54  Extractor  
  81  5:56  Roach  
  81  5:57  Roach  
  84  6:07  Roach x3  
  90  6:15  Roach x7  
  104  6:20  Overlord x3  
  104  6:23  Burrow  
  104  6:29  Drone  
  105  6:36  Tunneling Claws  
  105  6:38  Hatchery  
  104  6:40  Roach x5  
  104  6:41  Spore Crawler  
  113  6:50  Roach  
  113  6:51  Roach x4  
  112  7:02  Roach x3  
  112  7:03  Roach x2  
  112  7:07  Roach  
  113  7:11  Roach x3  
  113  7:17  Roach x3  
  113  7:22  Roach x2  
  123  7:25  Zerg Missile Weapons Level 2  
  123  7:28  Overlord  
  123  7:30  Drone x2  
  125  7:41  Roach x2  
  129  7:46  Overlord  
  129  7:47  Roach  
  129  7:48  Roach  
  129  7:49  Roach x8  
  133  7:56  Roach x5  
  143  8:06  Roach x3  
  143  8:08  Roach  
  143  8:09  Roach x3  
  143  8:10  Roach  
  149  8:14  Roach x2  
  149  8:16  Roach  
  149  8:17  Roach  
  145  8:22  Roach x3  
  145  8:23  Roach x4  
  143  8:27  Roach x3  
  143  8:28  Roach x2  
  143  8:30  Roach  
  143  8:31  Roach x2  
  149  8:34  Pneumatized Carapace  
  145  8:41  Roach x3  
  143  8:51  Roach x4  
  139  9:03  Roach x3  
  139  9:05  Roach x3  
  139  9:11  Overlord  
  139  9:12  Roach x2  
  139  9:13  Roach x2  
  145  9:18  Queen, Roach  
  145  9:19  Roach x2  
  145  9:20  Roach x3  
  145  9:21  Roach  
  150  9:24  Ravager x3  
  150  9:26  Overlord  
  150  9:32  Roach x3  
  128  9:39  Roach x6  
  128  9:45  Roach  
  130  9:50  Roach Warren  
Tags
 
Add a new tag
Caveats
  • Supply blocks, unpowered buildings, or Contaminate may cause inaccurate times.
  • Supply counts are checked every 10 seconds.